 Dungeon Crawl Stone Soup version 0.28.0-43-g3370ac3207 (webtiles) character file.

Game seed: 15537707772779938300

532 Ablot the Grasshopper (level 7, -3/56 HPs)
             Began as a Gnoll Warper on Mar 6, 2022.
             Killed from afar by an orc wizard (4 damage)
             ... with a magic dart
             ... on level 5 of the Dungeon on Mar 7, 2022.
             The game lasted 00:07:20 (5679 turns).

Ablot the Grasshopper (Gnoll Warper)                Turns: 5679, Time: 00:07:21

Health: -3/56      AC:  5    Str: 14    XL:     7   Next: 24%
Magic:  15/15      EV: 14    Int: 12    God:
Gold:   318        SH:  0    Dex: 16    Spells: 14/17 levels left

rFire   . . .      SeeInvis .   x - +1 dagger (vamp)
rCold   . . .      Faith    .   (no shield)
rNeg    . . .      Spirit   .   b - +0 leather armour
rPois   .          Reflect  .   (no helmet)
rElec   .          Harm     .   B - +0 cloak
rCorr   +          Rampage  .   p - +0 pair of gloves
Will    .....                   (no boots)
Stlth   ++........              (no amulet)
HPRegen 0.18/turn               D - ring of wizardry
MPRegen 0.14/turn               C - ring of resist corrosion

@: lethally poisoned (-3 -> -18)
A: fangs 1, strong nose, distributed training, agile 2, strong 1
a: no special abilities


You were on level 5 of the Dungeon.
You visited 1 branch of the dungeon, and saw 5 of its levels.
You also visited: Sewer.

You collected 318 gold pieces.

Inventory:

Hand Weapons
 a - a +0 spear
 i - a +0 hunting sling
 r - a +2 hand axe of freezing
 x - a +1 vampiric dagger (weapon)
Missiles
 d - 5 boomerangs of dispersal (quivered)
 g - 209 stones
 m - 26 bolts
 o - 50 sling bullets
 A - 30 arrows
Armour
 b - a +0 leather armour (worn)
 p - a +0 pair of gloves (worn)
 B - a +0 cloak (worn)
Magical Staves
 y - a staff of poison
Jewellery
 C - a ring of resist corrosion (right hand)
 D - a ring of wizardry (left hand)
Wands
 w - a wand of iceblast (5)
Scrolls
 c - a scroll of blinking
 f - 2 scrolls of immolation {unknown}
 j - 2 scrolls of identify {unknown}
 q - a scroll of vulnerability {unknown}
 s - a scroll of teleportation {unknown}
 t - 2 scrolls of fog {unknown}
 u - 3 scrolls of fear {unknown}
Potions
 e - 2 potions of mutation
 h - 2 potions of degeneration {unknown}
 k - 2 potions of curing {unknown}
 l - a potion of heal wounds {unknown}
 n - 2 potions of might {unknown}
 v - a potion of attraction {unknown}
 z - a potion of haste {unknown}


   Skills:
 + Level 5.2 Fighting
 + Level 2.3 Short Blades
 + Level 2.3 Long Blades
 + Level 2.3 Axes
 + Level 2.3 Maces & Flails
 + Level 5.2 Polearms
 + Level 2.3 Staves
 + Level 2.3 Slings
 + Level 2.3 Bows
 + Level 2.3 Crossbows
 + Level 3.5 Throwing
 + Level 3.5 Armour
 + Level 5.2 Dodging
 + Level 2.3 Stealth
 + Level 2.3 Shields
 + Level 2.3 Unarmed Combat
 + Level 5.5 Spellcasting
 + Level 1.9 Conjurations
 + Level 1.9 Hexes
 + Level 1.9 Summonings
 + Level 1.9 Necromancy
 + Level 5.8 Translocations
 + Level 1.9 Transmutations
 + Level 1.9 Fire Magic
 + Level 1.9 Ice Magic
 + Level 1.9 Air Magic
 + Level 1.9 Earth Magic
 + Level 1.9 Poison Magic
 + Level 2.6 Invocations
 + Level 2.3 Evocations


You had 14 spell levels left.
You knew the following spells:

 Your Spells              Type           Power      Damage    Failure   Level
a - Blink                 Tloc           34%        N/A       1%          2
b - Animate Skeleton      Necr           14%        N/A       4%          1

Your spell library contained the following spells:

 Spells                   Type           Power      Damage    Failure   Level
 Gell's Gravitas          Tloc           17%        N/A       2%          3
 Lesser Beckoning         Tloc           17%        N/A       2%          3
 Teleport Other           Tloc           17%        N/A       2%          3
 Pain                     Necr           28%        1d5       4%          1
 Shock                    Conj/Air       28%        1d4       4%          1
 Swiftness                Air            7%         N/A       13%         3
 Vampiric Draining        Necr           7%         2d6       13%         3
 Manifold Assault         Tloc           17%        N/A       24%         5
 Airstrike                Air            3%         N/A       38%         4


Dungeon Overview and Level Annotations

Branches:
Dungeon (5/15)              Sewer (visited)
 Temple: D:4-7

Altars:
Nemelex Xobeh


Innate Abilities, Weirdness & Mutations

You have very sharp teeth.
Your uncanny sense of smell can sniff out nearby items.
Your experience applies equally to all skills.
You are very agile. (Dex +4)
Your muscles are strong. (Str +2)


Message History

The orc barely misses you.
The orc priest hits you with a +0 dagger.
You hit the orc priest.
You feel better.
The orc priest is severely wounded.
The orc hits you with a +0 trident.
The orc priest hits you with a +0 dagger.
You hit the orc priest.
You feel better.
You kill the orc priest!
The orc closely misses you.
You hit something.
You feel better. Something hits you.
You are poisoned.
The orc misses you.
You closely miss something. Your punch misses something.
You feel sick. Something hits you.
You are more poisoned.
The orc completely misses you.
Unknown command.
You hit the orc but do no damage.
You feel very sick. Something hits you but does no damage.
You are more poisoned.
You hit the orc.
You feel better.
Your punch misses the orc. Your bite misses the orc.
The orc is moderately wounded.
You feel very sick. The orc hits you with a +0 trident.
* * * LOW HITPOINT WARNING * * *
Something hits you.
* * * LOW HITPOINT WARNING * * *
You are more poisoned.
It was a potion of mutation.
You feel extremely strange.
You feel agile. x2; You feel stronger.
* * * LOW HITPOINT WARNING * * *
You feel very sick. The orc hits you with a +0 trident.
* * * LOW HITPOINT WARNING * * *
You hear some strange, mumbled words.
A magic dart appears from out of thin air!
The magic dart hits you.
You die...

##..o## #............. . #....o##
#............ #. ##.....##
#........... #####.#
#.......###.........# #......
...........>.....#### ###......
.....<......o.o##### ###........
.........####..รท...####....#.....
..........# #####{.......###.....
..........# ###.@o##...####......
#<........# #..........# #......
#........## #..........# #......
##......## ##..........# ##......
##..#### #...........# #..##...
#..# #...........# #..##..# #..#
##..........###..##### #..#
###........##...# ...#
######...##..##


You could see an orc.

Vanquished Creatures
  A sky beast (D:4)
  Pargi (Sewer)
  A bullfrog (D:4)
  A water moccasin skeleton (D:5)
  A hound (D:5)
  An orc priest (D:5)
  A hound skeleton (D:5)
  A howler monkey zombie (D:5)
  2 adders
  A worm (D:3)
  4 dart slugs
  4 orcs
  14 ball pythons
  9 endoplasms
  7 giant cockroaches
  15 goblins
  8 hobgoblins
  10 jackals
  6 quokkas
  4 bats
  2 frilled lizards (D:1)
  6 kobolds
  7 rats
107 creatures vanquished.

Notes
Turn   | Place    | Note
-------+----------+-------------------------------------------
     0 | D:1      | Ablot the Gnoll Warper began the quest for the Orb.
     0 | D:1      | Reached XP level 1. HP: 20/20 MP: 6/6
   200 | D:1      | Reached XP level 2. HP: 26/26 MP: 7/7
   209 | D:1      | Learned a level 2 spell: Blink
   585 | D:1      | Reached XP level 3. HP: 31/31 MP: 9/9
   711 | D:1      | Reached skill level 5 in Spellcasting
   772 | D:1      | Reached skill level 1 in Invocations
  1185 | D:2      | Found a sparkling altar of Nemelex Xobeh.
  1309 | D:2      | Reached skill level 1 in Short Blades
  1309 | D:2      | Reached skill level 1 in Long Blades
  1309 | D:2      | Reached skill level 1 in Axes
  1309 | D:2      | Reached skill level 1 in Maces & Flails
  1309 | D:2      | Reached skill level 1 in Staves
  1309 | D:2      | Reached skill level 1 in Slings
  1309 | D:2      | Reached skill level 1 in Bows
  1309 | D:2      | Reached skill level 1 in Crossbows
  1309 | D:2      | Reached skill level 1 in Stealth
  1309 | D:2      | Reached skill level 1 in Shields
  1309 | D:2      | Reached skill level 1 in Unarmed Combat
  1309 | D:2      | Reached skill level 1 in Evocations
  1540 | D:2      | Reached XP level 4. HP: 28/38 MP: 11/11
  2436 | D:3      | Reached skill level 1 in Conjurations
  2436 | D:3      | Reached skill level 1 in Hexes
  2436 | D:3      | Reached skill level 1 in Summonings
  2436 | D:3      | Reached skill level 1 in Necromancy
  2436 | D:3      | Reached skill level 1 in Transmutations
  2436 | D:3      | Reached skill level 1 in Fire Magic
  2436 | D:3      | Reached skill level 1 in Ice Magic
  2436 | D:3      | Reached skill level 1 in Air Magic
  2436 | D:3      | Reached skill level 1 in Earth Magic
  2436 | D:3      | Reached skill level 1 in Poison Magic
  2944 | D:3      | Found a glowing drain.
  2966 | Sewer    | Entered a sewer
  3085 | Sewer    | Noticed Pargi
  3095 | Sewer    | Killed Pargi
  3096 | Sewer    | Reached XP level 5. HP: 3/43 MP: 9/12
  3505 | D:3      | Learned a level 1 spell: Animate Skeleton
  3812 | D:3      | Found a faded altar of an unknown god.
  4369 | D:4      | Reached XP level 6. HP: 50/50 MP: 13/13
  4465 | D:5      | Entered Level 5 of the Dungeon
  4714 | D:5      | Reached skill level 5 in Fighting
  4714 | D:5      | Reached skill level 5 in Polearms
  4714 | D:5      | Reached skill level 5 in Dodging
  5064 | D:4      | Noticed a sky beast
  5092 | D:4      | Killed a sky beast
  5093 | D:4      | Reached XP level 7. HP: 6/56 MP: 12/15
  5679 | D:5      | Gained mutation: You are agile. (Dex +2) [potion of
                  | mutation]
  5679 | D:5      | Gained mutation: You are very agile. (Dex +4) [potion of
                  | mutation]
  5679 | D:5      | Gained mutation: Your muscles are strong. (Str +2) [potion
                  | of mutation]
  5679 | D:5      | HP: 1/56 [orc/+0 trident (4)]
  5679 | D:5      | Killed from afar by an orc wizard

Illustrated notes

Levels and vault maps discovered:
D:1:      dpeg_arrival_solitude, layout_basic, minmay_pentomino_x4
D:2:      layout_loops_ring, basic_altar, minmay_misc_feat_iff,
          hangedman_abyss_or_decor_stabs, guppyfry_early_orc_mine
D:3:      layout_loops_ring, hellmonk_ecumenical_altar_lost_god,
          cheibrodos_sewer_entry_drain
D:4:      layout_basic
D:5:      layout_cave_pods, minmay_temple_entry_drinking_statues,
          kennysheep_generic_room_5, uniq_grinder

Skill      XL: |  1  2  3  4  5  6 |
---------------+-------------------+-----
Spellcasting   | 5 |  5.5
Invocations    | 1 2 |  2.6
Short Blades   | 1 2 |  2.3
Long Blades    | 1 2 |  2.3
Axes           | 1 2 |  2.3
Maces & Flails | 1 2 |  2.3
Staves         | 1 2 |  2.3
Slings         | 1 2 |  2.3
Bows           | 1 2 |  2.3
Crossbows      | 1 2 |  2.3
Stealth        | 1 2 |  2.3
Shields        | 1 2 |  2.3
Unarmed Combat | 1 2 |  2.3
Evocations     | 1 2 |  2.3
Conjurations   | 1 |  1.9
Hexes          | 1 |  1.9
Summonings     | 1 |  1.9
Necromancy     | 1 |  1.9
Transmutations | 1 |  1.9
Fire Magic     | 1 |  1.9
Ice Magic      | 1 |  1.9
Air Magic      | 1 |  1.9
Earth Magic    | 1 |  1.9
Poison Magic   | 1 |  1.9
Throwing       | 3 |  3.5
Armour         | 3 |  3.5
Fighting       | 5 |  5.2
Polearms       | 5 |  5.2
Dodging        | 5 |  5.2
Translocations | |  5.8

Action                   |  1- 3 |  4- 6 |  7- 9 || total
-------------------------+-------+-------+-------++-------
Melee: Spear             |   147 |   312 |       ||   459
       Bite              |    12 |    31 |       ||    43
       Punch             |     4 |     4 |     1 ||     9
       Hand axe          |       |    22 |       ||    22
       Dagger            |       |       |    20 ||    20
 Cast: Blink             |       |     2 |       ||     2
       Animate Skeleton  |       |     5 |       ||     5
Evoke: Wand              |       |     2 |       ||     2
  Use: Potion            |       |       |     1 ||     1
 Stab: Sleeping          |     1 |     7 |       ||     8
Armor: Leather armour    |    20 |    67 |     6 ||    93
Dodge: Dodged            |    68 |   173 |    15 ||   256
